 Dungeon Crawl Stone Soup version 0.27.1-3-gb3d3a73c9e (webtiles) character file.

Game seed: 4776026368240376318

105 styxcanada the Covert (level 4, -5/23 HPs)
             Began as a Spriggan Brigand on Oct 30, 2021.
             Slain by a gnoll (8 damage)
             ... on level 2 of the Dungeon.
             The game lasted 00:05:37 (1819 turns).

styxcanada the Covert (Spriggan Brigand)            Turns: 1819, Time: 00:05:38

Health: -5/23      AC:  3    Str:  7    XL:     4   Next: 53%
Magic:  5/5        EV: 17    Int: 12    God:
Gold:   24         SH:  0    Dex: 17    Spells: 3/3 levels left

rFire    . . .     SeeInvis +   a - +2 dagger
rCold    . . .     Faith    .   (shield restricted)
rNeg     . . .     Spirit   .   b - +0 robe
rPois    .         Reflect  .   (helmet restricted)
rElec    .         Harm     .   c - +0 cloak
rCorr    .         Rampage  .   (gloves unavailable)
Will     .....                  (boots unavailable)
Stlth    ++++......             (no amulet)
HPRegen  0.07/turn              (no ring)
MPRegen  0.09/turn              (no ring)

@: very quick
A: very small, no large weapons, unfitting armour, see invisible, speed 3
a: no special abilities


You were on level 2 of the Dungeon.
You visited 1 branch of the dungeon, and saw 2 of its levels.

You collected 24 gold pieces.

Inventory:

Hand Weapons
 a - a +2 dagger (weapon)
Missiles
 g - 8 boomerangs (quivered)
 i - 8 stones
Armour
 b - a +0 robe (worn)
 c - a +0 cloak (worn)
Scrolls
 k - 2 scrolls of identify {unknown}
 m - a scroll of immolation {unknown}
 n - a scroll of teleportation {unknown}
Potions
 f - a potion of heal wounds {unknown}
 h - 3 potions of degeneration {unknown}
 j - 3 potions of curing {unknown}
 l - a potion of cancellation {unknown}
 o - 2 potions of berserk rage {unknown}
 p - a potion of attraction {unknown}


   Skills:
 * Level 2.0 Fighting
 + Level 2.5 Short Blades
 + Level 2.3 Throwing
 * Level 2.2 Dodging
 * Level 8.0 Stealth


You had 3 spell levels left.
You didn't know any spells.
Your spell library was empty.

Dungeon Overview and Level Annotations

Branches:
Dungeon (2/15)

Altars:


Innate Abilities, Weirdness & Mutations

You are very small and have problems with some larger weapons.
You are too small for most types of armour.
You have supernaturally acute eyesight. (SInv)
You cover ground extremely quickly. (Speed+++)


Message History

Throw: 3 darts (poison)
Press: ? - help, Q - select action, (/) - cycle Shift-Dir - straight line, f/p - gnoll
Aim: a gnoll, wielding a +0 whip (heavily wounded, very poisoned, 65% to hit)
You throw a poisoned dart. The poisoned dart hits the gnoll.
The gnoll is heavily wounded.
The gnoll looks more healthy.
Throw: 2 darts (poison)
Press: ? - help, Q - select action, (/) - cycle Shift-Dir - straight line, f/p - gnoll
Aim: a gnoll, wielding a +0 whip (almost dead, very poisoned, 65% to hit)
You throw a poisoned dart.
The poisoned dart barely misses the gnoll.
The poisoned dart closely misses the gnoll.
Throw: dart (poison)
Press: ? - help, Q - select action, (/) - cycle Shift-Dir - straight line, f/p - gnoll
Aim: a gnoll, wielding a +0 whip (almost dead, very poisoned, 65% to hit)
You throw a poisoned dart. The poisoned dart hits the gnoll.
The gnoll looks even sicker.
The gnoll is almost dead.
You kill the gnoll!
Your Stealth skill increases to level 8!
Throw: throwing net
Press: ? - help, Q - select action, (/) - cycle Shift-Dir - straight line, f - gnoll
Aim: a gnoll, wielding a +0 halberd (moderately wounded, 65% to hit)
You throw a throwing net.
The throwing net closely misses the gnoll.
The gnoll hits you from afar with a +0 halberd!
The gnoll barely misses you.
You hit the gnoll.
The gnoll is moderately wounded.
You hit the gnoll.
The gnoll is heavily wounded.
The gnoll closely misses you.
You closely miss the gnoll.
The gnoll is heavily wounded.
The gnoll hits you with a +0 halberd!
* * * LOW HITPOINT WARNING * * *
You closely miss the gnoll.
The gnoll is heavily wounded.
The gnoll hits you with a +0 halberd!
You die...

#.# #†.# #.# #..# #.# #..# #.#
#..# #.# #..# #.# ##########..#
###########.###<..........####
#...##..........########..##..
#............@g.((.((.(..)(.(#
####...#######.###########...####
.......# #...<# #......# .####.##
####.# #...##.# .# #.# # ###.....
.# #.# ###### .# #.# .## #.# ..#
#.#


You could see a gnoll.

Vanquished Creatures
  5 gnolls (D:2)
  An adder (D:2)
  A worm (D:2)
  A dart slug (D:1)
  A bat (D:2)
  7 endoplasms
  4 goblins
  5 hobgoblins
  2 jackals (D:1)
  2 quokkas (D:1)
  4 ball pythons (D:1)
  2 frilled lizards (D:2)
  3 kobolds
  5 rats (D:1)
43 creatures vanquished.

Notes
Turn   | Place    | Note
-------+----------+-------------------------------------------
     0 | D:1      | styxcanada the Spriggan Brigand began the quest for the
                  | Orb.
     0 | D:1      | Reached XP level 1. HP: 10/10 MP: 2/2
    58 | D:1      | Reached skill level 6 in Stealth
   119 | D:1      | Reached XP level 2. HP: 14/14 MP: 3/3
   928 | D:1      | Found a faded altar of an unknown god.
   962 | D:1      | Reached XP level 3. HP: 18/18 MP: 4/4
  1132 | D:1      | Reached skill level 7 in Stealth
  1451 | D:2      | Reached XP level 4. HP: 12/23 MP: 5/5
  1811 | D:2      | Reached skill level 8 in Stealth
  1819 | D:2      | Slain by a gnoll

Illustrated notes

Levels and vault maps discovered:
D:1:      minmay_arrival_four_circles, layout_basic,
          ebering_ecumenical_altar_rust, minmay_unequal
D:2:      layout_loops_ring, minmay_pentomino_p4

Skill      XL: |  1  2  3  4 |
---------------+-------------+-----
Stealth        | 6 7 8 |  8.0
Dodging        | 2 |  2.2
Fighting       | 2 |  2.0
Short Blades   | |  2.5
Throwing       | |  2.3

Action                   |  1- 3 |  4- 6 || total
-------------------------+-------+-------++-------
Melee: Dagger            |    67 |    11 ||    78
Throw: Dart              |    10 |     9 ||    19
       Throwing net      |       |     1 ||     1
 Stab: Sleeping          |    14 |     6 ||    20
Armor: Robe              |     9 |       ||     9
Dodge: Dodged            |    28 |     7 ||    35
